 Dungeon Crawl Stone Soup version 0.29-a0-520-gc852659d43 (webtiles) character file.

Game seed: 17418315253504086142

234 DocClef the Covert (level 6, -3/53 HPs)
             Began as a Gnoll Delver on May 31, 2022.
             Slain by a shadow (9 damage)
             ... on level 5 of the Dungeon.
             The game lasted 00:03:34 (2034 turns).

DocClef the Covert (Gnoll Delver)                   Turns: 2034, Time: 00:03:35

Health: -3/53      AC:  3    Str: 14    XL:     6   Next: 5%
Magic:  8/8        EV: 13    Int:  9    God:
Gold:   120        SH:  4    Dex: 13    Spells: 8/8 levels left

rFire   . . .      SeeInvis .   a - +1 short sword
rCold   . . .      Faith    .   h - +0 buckler
rNeg    . . .      Spirit   .   b - +0 leather armour
rPois   .          Reflect  .   (no helmet)
rElec   .          Harm     .   (no cloak)
rCorr   .          Rampage  .   (no gloves)
Will    .....                   (no boots)
Stlth   ++++......              (no amulet)
HPRegen 0.17/turn               (no ring)
MPRegen 0.11/turn               (no ring)

@: studying Stealth
A: fangs 1, strong nose, distributed training
a: no special abilities


You were on level 5 of the Dungeon.
You visited 1 branch of the dungeon, and saw 2 of its levels.
You also visited: Ossuary.

You collected 120 gold pieces.

Inventory:

Hand Weapons
 a - a +1 short sword (weapon)
Armour
 b - a +0 leather armour (worn)
 h - a +0 buckler (worn)
Jewellery
 o - a ring of resist corrosion
 q - an amulet of guardian spirit
Wands
 g - a wand of digging (3)
 i - a wand of polymorph (5)
Scrolls
 c - a scroll of fog
 e - 2 scrolls of fear
 l - 2 scrolls of teleportation
 m - a scroll of vulnerability
Potions
 d - 2 potions of invisibility
 f - a potion of haste
 j - 3 potions of might {unknown}
 k - 2 potions of degeneration {unknown}
 n - a potion of curing {unknown}
 p - a potion of brilliance {unknown}
 r - a potion of magic {unknown}
 s - a potion of flight


   Skills:
 + Level 6.7 Fighting
 + Level 4.9 Short Blades
 + Level 1.7 Long Blades
 + Level 1.7 Axes
 + Level 1.7 Maces & Flails
 + Level 1.7 Polearms
 + Level 1.7 Staves
 + Level 1.7 Slings
 + Level 1.7 Bows
 + Level 1.7 Crossbows
 + Level 1.7 Throwing
 + Level 1.7 Armour
 + Level 4.9 Dodging
 + Level 9.7 Stealth
 + Level 1.7 Shields
 + Level 1.7 Unarmed Combat
 + Level 1.7 Spellcasting
 + Level 1.3 Conjurations
 + Level 1.3 Hexes
 + Level 1.3 Summonings
 + Level 1.3 Necromancy
 + Level 1.3 Translocations
 + Level 1.3 Transmutations
 + Level 1.3 Fire Magic
 + Level 1.3 Ice Magic
 + Level 1.3 Air Magic
 + Level 1.3 Earth Magic
 + Level 1.3 Poison Magic
 + Level 2.0 Invocations
 + Level 1.7 Evocations


You had 8 spell levels left.
You didn't know any spells.
Your spell library was empty.

Dungeon Overview and Level Annotations

Branches:
Dungeon (5/15)            Ossuary (visited)
 Temple: D:4-7

Altars:
Sif Muna


Innate Abilities, Weirdness & Mutations

You have very sharp teeth.
Your uncanny sense of smell can sniff out nearby items.
Your experience applies equally to all skills.


Message History

You stick the scorpion like a pincushion!!!
You kill the scorpion!
Your Invocations skill increases to level 2!
You have reached level 6!
Unknown command.
You see here a scorpion corpse.
A scorpion comes into view.
Found 19 gold pieces.
You see here a manual of Stealth.
You pick up a manual of Stealth and begin studying.
You closely miss the shadow. You block the shadow's attack.
The shadow attacks as you move away! The shadow misses you.
You see here a scorpion corpse.
You hit the shadow but do no damage. The shadow barely misses you.
You barely miss the shadow. You bite the shadow.
The shadow is lightly damaged.
The shadow hits you.
You hit the shadow.
The shadow is lightly damaged.
The shadow hits you!
You hit the shadow.
The shadow is moderately damaged.
The shadow hits you.
You hit the shadow.
The shadow is moderately damaged.
The shadow slips into darkness.
The shadow flickers and vanishes!
Deactivating autopickup; reactivate with Ctrl-A.
You completely miss something.
The shadow strikes at you from the darkness!
Ouch! That really hurt!
* * * LOW HITPOINT WARNING * * *
Reactivating autopickup.
You hit the shadow but do no damage.
The shadow is moderately damaged.
The shadow closely misses you.
You hit the shadow but do no damage.
The shadow is moderately damaged.
The shadow hits you!
You die...

**,,,**#.,..,,,∆,,****,,,*
*,,,,,,,.*.,,,,,,,+,,,,,,,
**,,,,,,.#.,,,,,,,****,,,,
*,,*,*,#.#,*,,,,** **,**
****,*,,,##.##,,,,** *,*
*,,,,,,**#...#**,** *,*
*,,,*,,,,##s##,,,* *,*
*,,,,,*,*,#W#.*,****# *,*
**,****,,,#@#.,,,,,.# *,*
*,* *,*,#.#.#**,#.#****,*
****,**
*,,,#.#..###..,,∆,,,*
*,,,,,*
*,,*#.#*..#.#,*******
*,**,,* #.###.###..#*,*
*,**,,*##.........###.#
*,**,,................#
*,***,###########.#####
*,,,,,* #.#


You could see a shadow and a scorpion.

Vanquished Creatures
  A scorpion (D:5)
  2 hounds (D:5)
  4 mummies (Ossuary)
  2 adders
  2 shadow imps (D:5)
  3 adder zombies (Ossuary)
  A worm (D:4)
  6 orcs
  A hobgoblin (D:4)
  A goblin zombie (Ossuary)
  2 hobgoblin zombies (Ossuary)
  2 jackal zombies (Ossuary)
  3 kobold zombies (Ossuary)
  An orc zombie (Ossuary)
31 creatures vanquished.

Notes
Turn   | Place    | Note
-------+----------+-------------------------------------------
     0 | D:5      | Reached skill level 9 in Stealth
     0 | D:5      | DocClef the Gnoll Delver began the quest for the Orb.
     0 | D:5      | Reached XP level 1. HP: 23/23 MP: 1/1
     5 | D:5      | Found a sand-covered staircase.
    14 | Ossuary  | Entered an ossuary
    41 | Ossuary  | Reached XP level 2. HP: 17/29 MP: 2/2
   236 | Ossuary  | Reached XP level 3. HP: 18/35 MP: 3/3
   452 | Ossuary  | Reached skill level 1 in Invocations
   486 | Ossuary  | Reached skill level 1 in Long Blades
   486 | Ossuary  | Reached skill level 1 in Axes
   486 | Ossuary  | Reached skill level 1 in Maces & Flails
   486 | Ossuary  | Reached skill level 1 in Polearms
   486 | Ossuary  | Reached skill level 1 in Staves
   486 | Ossuary  | Reached skill level 1 in Slings
   486 | Ossuary  | Reached skill level 1 in Bows
   486 | Ossuary  | Reached skill level 1 in Crossbows
   486 | Ossuary  | Reached skill level 1 in Throwing
   486 | Ossuary  | Reached skill level 1 in Armour
   486 | Ossuary  | Reached skill level 1 in Shields
   486 | Ossuary  | Reached skill level 1 in Unarmed Combat
   486 | Ossuary  | Reached skill level 1 in Spellcasting
   486 | Ossuary  | Reached skill level 1 in Evocations
   518 | Ossuary  | Reached XP level 4. HP: 41/41 MP: 5/5
   737 | D:5      | Found a shimmering blue altar of Sif Muna.
   836 | D:4      | Reached skill level 1 in Conjurations
   836 | D:4      | Reached skill level 1 in Hexes
   836 | D:4      | Reached skill level 1 in Summonings
   836 | D:4      | Reached skill level 1 in Necromancy
   836 | D:4      | Reached skill level 1 in Translocations
   836 | D:4      | Reached skill level 1 in Transmutations
   836 | D:4      | Reached skill level 1 in Fire Magic
   836 | D:4      | Reached skill level 1 in Ice Magic
   836 | D:4      | Reached skill level 1 in Air Magic
   836 | D:4      | Reached skill level 1 in Earth Magic
   836 | D:4      | Reached skill level 1 in Poison Magic
   842 | D:4      | Noticed a phantom
  1202 | D:5      | HP: 2/41 [hound (4)]
  1204 | D:5      | Reached XP level 5. HP: 2/47 MP: 5/7
  2016 | D:5      | Noticed a shadow
  2019 | D:5      | Reached XP level 6. HP: 53/53 MP: 8/8
  2034 | D:5      | Slain by a shadow

Illustrated notes

Levels and vault maps discovered:
D:4:      layout_loops_ring, skrybe_limestone_x, uniq_menkaure
D:5:      layout_loops_corners, mainiacjoe_overflow_brackets, enter_ossuary_1,
          minmay_manual_monstrance, uniq_ijyb

Skill      XL: |  1  2  3  4  5 |
---------------+----------------+-----
Stealth        | |  9.7
Invocations    | 1 2 |  2.0
Long Blades    | 1 |  1.7
Axes           | 1 |  1.7
Maces & Flails | 1 |  1.7
Polearms       | 1 |  1.7
Staves         | 1 |  1.7
Slings         | 1 |  1.7
Bows           | 1 |  1.7
Crossbows      | 1 |  1.7
Throwing       | 1 |  1.7
Armour         | 1 |  1.7
Shields        | 1 |  1.7
Unarmed Combat | 1 |  1.7
Spellcasting   | 1 |  1.7
Evocations     | 1 |  1.7
Conjurations   | 1 |  1.3
Hexes          | 1 |  1.3
Summonings     | 1 |  1.3
Necromancy     | 1 |  1.3
Translocations | 1 |  1.3
Transmutations | 1 |  1.3
Fire Magic     | 1 |  1.3
Ice Magic      | 1 |  1.3
Air Magic      | 1 |  1.3
Earth Magic    | 1 |  1.3
Poison Magic   | 1 |  1.3
Fighting       | |  6.7
Short Blades   | |  4.9
Dodging        | |  4.9

Action                   |  1- 3 |  4- 6 || total
-------------------------+-------+-------++-------
Melee: Short sword       |    66 |   107 ||   173
       Bite              |     7 |     9 ||    16
       Punch             |     2 |       ||     2
  Use: Scroll            |     2 |     4 ||     6
       Potion            |     1 |       ||     1
 Stab: Sleeping          |     4 |     2 ||     6
Armor: Leather armour    |    20 |     9 ||    29
Dodge: Dodged            |    43 |    55 ||    98
Block: Buckler           |       |    13 ||    13

Table legend: (Time is in decaauts)
 A = Elapsed time spent in this place.
 B = Non-inter-level travel time spent in this place.
 C = Inter-level travel time spent in this place.
 D = Time resting spent in this place.
 E = Time spent auto-exploring this place.
 F = Levels seen in this place.
 G = Mean time per level.
                   A        B        C        D        E       F      G
               +--------+--------+--------+--------+--------+-----+--------+
         Total |   2015 |   2004 |     11 |   1117 |    382 |   3 |  671.7 |
       Dungeon |   1477 |   1466 |     11 |    801 |    306 |   2 |  738.5 |
       Ossuary |    538 |    538 |      0 |    316 |     76 |   1 |  538.0 |
               +--------+--------+--------+--------+--------+-----+--------+

Top non-repeatable levels by time:
     D:5: 1056 daAuts
 Ossuary: 538 daAuts
     D:4: 421 daAuts
